 Dungeon Crawl Stone Soup version 0.21-a0-641-geef9d7f (webtiles) character file.

305 mopl the Slasher (level 6, -21/34 (35) HPs)
             Began as a Tengu Skald on Dec 30, 2017.
             Blown up by Ijyb (22 damage)
             ... with a wand of disintegration (1)
             ... on level 4 of the Dungeon.
             The game lasted 00:06:12 (3242 turns).

mopl the Slasher (Tengu Skald)                      Turns: 3242, Time: 00:06:12

HP:   -21/34 (35)   AC:  3    Str: 14    XL:     6   Next: 39%
MP:   7/10          EV: 12    Int: 13    God:
Gold: 213           SH:  0    Dex: 13    Spells: 1/9 levels left

rFire    + + .     SeeInvis .   a - +0 falchion
rCold    + . .     Gourm    .   (no shield)
rNeg     . . .     Faith    .   p - +0 leather armour (curse)
rPois    +         Spirit   .   (helmet restricted)
rElec    .         Reflect  .   m - scarf {rC+ rF+}
rCorr    .         Harm     .   (no gloves)
MR       .....                  (boots unavailable)
Stlth    +.........             (no amulet)
HPRegen  0.11/turn              b - ring of protection from fire
MPRegen  0.12/turn              q - ring of poison resistance

@: infused
A: beak, talons 3, able to fly 1
a: Fly


You were on level 4 of the Dungeon.
You were not hungry.

You visited 1 branch of the dungeon, and saw 4 of its levels.

You collected 213 gold pieces.

Inventory:

Hand Weapons
 a - a +0 falchion (weapon)
 u - a +2 quarterstaff of chaos
Missiles
 e - 4 curare-tipped needles
 f - 3 poisoned needles
 t - 3 tomahawks (quivered)
Armour
 m - a scarf of resistance (worn)
 p - a cursed +0 leather armour (worn)
Jewellery
 b - a ring of protection from fire (left hand)
 q - a ring of poison resistance (right hand)
 r - an uncursed ring of fire
Scrolls
 j - a scroll of identify
 k - 2 scrolls of enchant weapon {unknown}
 l - 2 scrolls of random uselessness {unknown}
 n - 3 scrolls of remove curse {unknown}
 s - a scroll of teleportation {unknown}
Potions
 g - a potion of curing
 h - a potion of might
 o - 2 potions of agility
Books
 c - a book of Battle

   Spells                             Type                      Level
   a - Infusion                       Charms                       1
   b - Shroud of Golubria             Charms/Translocation         2
   c - Song of Slaying                Charms                       2
   d - Spectral Weapon                Hexes/Charms                 3
   e - Regeneration                   Charms/Necromancy            3
Comestibles
 d - 6 rations


   Skills:
 - Level 2.0 Fighting
 * Level 6.0 Long Blades
 - Level 1.1 Armour
 - Level 2.1 Dodging
 - Level 2.0 Spellcasting
 + Level 3.8 Charms


You had one spell level left.
You knew the following spells:

 Your Spells              Type           Power        Failure   Level  Hunger
a - Infusion              Chrm           ##..         6%          1    ##.....
b - Song of Slaying       Chrm           ##......     10%         2    ###....
f - Shroud of Golubria    Chrm/Tloc      #.........   22%         2    ###....
r - Regeneration          Chrm/Necr      #.........   38%         3    ####...


Dungeon Overview and Level Annotations

Branches:
Dungeon (4/15)
 Temple: D:4-7

Altars:
Ru

Annotations:
D:4 Ijyb


Innate Abilities, Weirdness & Mutations

You have a beak for a mouth.
You have claws for feet.
You can fly.


Message History

You closely miss Ijyb.
Your shroud begins to fray at the edges.
Ijyb zaps a wand.
You are blasted!
Ouch! That really hurt!
The iguana bites you.
* * * LOW HITPOINT WARNING * * *
Your shroud falls apart!
The iguana bites you!
* * * LOW HITPOINT WARNING * * *
The iguana barely misses you.
You riposte.
You hit the iguana.
The iguana is lightly wounded.
The iguana closely misses you.
There is a stone staircase leading up here.
Quiver which item? (- for none, * to show all) (? for menu, Esc to quit)
Okay, then.
Quiver which item? (- for none, * to show all) (? for menu, Esc to quit)
Okay, then.
Ijyb zaps a wand.
You are blasted!
Ouch! That really hurt!
You die...

.............#...#
...............###.#
...............## #
................#
................##
#................#
#..............##..#
#.......g<.....# .##
........l.@....# #
........#.....##
##..............#
#.....#.....##.#
##..###....## .# #..
#.....# . #.
........ ..
.......... ..
..........


You could see Ijyb and an iguana.

Vanquished Creatures
  A necrophage (D:3)
  A crimson imp (D:3)
  Crazy Yiuf (D:3)
  A worker ant (D:2)
  A gnoll (D:1)
  2 adders
  3 worms (D:2)
  3 dart slugs
  3 leopard geckos (D:3)
  An orc (D:3)
  2 ball pythons
  A giant cockroach (D:3)
  3 goblins
  11 hobgoblins
  14 jackals
  6 kobolds
  3 quokkas
  9 bats
  4 frilled lizards
  9 rats
79 creatures vanquished.

Notes
Turn   | Place    | Note
-------+----------+-------------------------------------------
     0 | D:1      | mopl the Tengu Skald began the quest for the Orb.
     0 | D:1      | Reached XP level 1. HP: 12/12 MP: 4/4
   208 | D:1      | Reached XP level 2. HP: 16/17 MP: 3/6
   216 | D:1      | Learned a level 2 spell: Song of Slaying
   219 | D:1      | Learned a level 2 spell: Shroud of Golubria
   252 | D:1      | Reached skill level 3 in Long Blades
   275 | D:1      | Reached XP level 3. HP: 15/21 MP: 2/7
   990 | D:2      | Reached skill level 4 in Long Blades
   990 | D:2      | Reached skill level 3 in Charms
   990 | D:2      | Reached XP level 4. HP: 10/26 MP: 2/8
  1372 | D:2      | Found a sacrificial altar of Ru.
  2157 | D:3      | Gained mutation: You can fly. [Tengu growth]
  2157 | D:3      | Reached XP level 5. HP: 23/30 MP: 7/9
  2162 | D:3      | Learned a level 3 spell: Regeneration
  2249 | D:3      | Reached skill level 5 in Long Blades
  2316 | D:3      | Found a runed door.
  2397 | D:3      | Noticed a necrophage
  2411 | D:3      | Killed a necrophage
  2411 | D:3      | Reached XP level 6. HP: 26/34 MP: 0/10
  2866 | D:3      | Noticed Crazy Yiuf
  2874 | D:3      | Killed Crazy Yiuf
  2874 | D:3      | Reached skill level 6 in Long Blades
  2936 | D:4      | Noticed Ijyb
  3239 | D:4      | HP: 1/34 [iguana (8)]
  3242 | D:4      | Blown up by Ijyb

Vault maps used:
D:1:      lightli_arrival_isolated_outpost, minivault_23
D:2:      first_ration, nicolae_ru_the_path_less_chosen
D:3:      uniq_crazy_yiuf_cottage
D:4:      cheibrodos_helix_gallery, uniq_edmund, uniq_ijyb

Skill      XL: |  1  2  3  4  5  6 |
---------------+-------------------+-----
Long Blades    | 3 4 5 6 |  6.0
Charms         | 3 |  3.8
Fighting       | |  2.0
Armour         | |  1.1
Dodging        | |  2.1
Spellcasting   | |  2.0

Action                   |  1- 3 |  4- 6 || total
-------------------------+-------+-------++-------
Melee: Falchion          |    69 |   112 ||   181
       Peck              |    10 |    13 ||    23
       Kick              |    12 |    32 ||    44
Throw: Tomahawk          |       |     1 ||     1
 Cast: Infusion          |    14 |    22 ||    36
       Shroud of Golubri |     1 |     3 ||     4
       Song of Slaying   |       |     3 ||     3
  Use: Scroll            |       |     3 ||     3
 Stab: Sleeping          |       |     1 ||     1
  Eat: Chunk             |     1 |     8 ||     9
Armor: Leather armour    |    11 |    26 ||    37
Dodge: Dodged            |    50 |    75 ||   125
       Rpst.: Falchion   |    17 |    26 ||    43

Table legend:
 A = Spawn XP
 B = Non-spawn XP
 C = Spawn XP percentage of total XP
 D = Spawn monster count
 E = Non-spawn monster count
 F = Spawn count percentage of total count
 G = Total turns spent on level
                    A         B        C        D         E        F      G
               +---------+---------+-------+---------+---------+-------+---------
         Total |       0 |     436 |   0.0 |       0 |      79 |   0.0 |  3242
               +---------+---------+-------+---------+---------+-------+---------
           D:1 |       0 |      40 |   0.0 |       0 |      15 |   0.0 |   406
           D:2 |       0 |      94 |   0.0 |       0 |      29 |   0.0 |  1379
           D:3 |       0 |     288 |   0.0 |       0 |      34 |   0.0 |  1411
           D:4 |       0 |      14 |   0.0 |       0 |       1 |   0.0 |    46
               +---------+---------+-------+---------+---------+-------+---------
